 Dungeon Crawl Stone Soup version 0.24-a0-524-gf43b32f898 (webtiles) character file.

Game seed: 7260165430851170877

1726 Peloso the Carver (level 8, -3/70 HPs)
             Began as a Minotaur Fighter on July 31, 2019.
             Slain by a six-headed hydra (5 damage)
             ... on level 6 of the Dungeon.
             The game lasted 00:09:12 (4947 turns).

Peloso the Carver (Minotaur Fighter)                Turns: 4947, Time: 00:09:13

Health: -3/70      AC: 11    Str: 21    XL:     8   Next: 75%
Magic:  0/7        EV:  7    Int:  5    God:
Gold:   212        SH: 11    Dex: 12    Spells: 7/7 levels left

rFire    . . .     SeeInvis .   u - +2 hand axe (flame)
rCold    . . .     Gourm    .   c - +0 shield
rNeg     . . .     Faith    .   m - +0 chain mail
rPois    .         Spirit   +   (helmet restricted)
rElec    .         Reflect  .   t - scarf {Spirit}
rCorr    .         Harm     .   s - +0 pair of gloves
MR       .....                  (no boots)
Stlth    ..........             (no amulet)
HPRegen  0.21/turn              (no ring)
MPRegen  0.10/turn              (no ring)

@: no status effects
A: retaliatory headbutt, horns 2
a: no special abilities


You were on level 6 of the Dungeon.
You were hungry.

You visited 1 branch of the dungeon, and saw 6 of its levels.
You also visited: Sewer.

You collected 212 gold pieces.

Inventory:

Hand Weapons
 a - a +3 falchion
 u - a +2 hand axe of flaming (weapon)
Armour
 b - a +0 scale mail
 c - a +0 shield (worn)
 h - a +0 cloak
 m - a +0 chain mail (worn)
 s - a +0 pair of gloves (worn)
 t - a scarf of spirit shield (worn)
Wands
 x - a wand of random effects (10)
Scrolls
 e - a scroll of random uselessness {unknown}
 j - 8 scrolls of teleportation {unknown}
 l - 3 scrolls of identify {unknown}
 o - 5 scrolls of amnesia {unknown}
 q - a scroll of fear {unknown}
 v - 3 scrolls of enchant armour {unknown}
Potions
 d - a potion of might
 g - 3 potions of curing {unknown}
 i - 5 potions of heal wounds {unknown}
 k - 3 potions of flight {unknown}
 n - a potion of lignification {unknown}
 p - 3 potions of agility {unknown}
 r - 2 potions of cancellation {unknown}
Comestibles
 f - 11 rations


   Skills:
 + Level 5.9 Fighting
 + Level 8.7 Long Blades
 + Level 6.7 Armour
 + Level 2.1 Dodging
 + Level 0.1 Stealth
 + Level 7.9 Shields


You had 7 spell levels left.
You didn't know any spells.
Your spell library was empty.

Dungeon Overview and Level Annotations

Branches:
Dungeon (6/15)
 Temple: D:4-7

Altars:
Trog
Xom


Innate Abilities, Weirdness & Mutations

You reflexively headbutt those who attack you in melee.
You have a pair of horns on your head.


Message History

The six-headed hydra bites you!
* * * LOW HITPOINT WARNING * * *
The six-headed hydra bites you.
* * * LOW HITPOINT WARNING * * *
You block the six-headed hydra's attack.
The six-headed hydra bites you!
* * * LOW HITPOINT WARNING * * *
You are feeling hungry.
All of the chunks of flesh in your inventory have rotted away.
You feel a little less mighty now. The six-headed hydra bites you!
* * * LOW HITPOINT WARNING * * *
You block the six-headed hydra's attack.
The six-headed hydra barely misses you.
You block the six-headed hydra's attack.
The six-headed hydra bites you but does no damage.
The six-headed hydra bites you!
* * * LOW HITPOINT WARNING * * *
The six-headed hydra bites you.
You die...

##.#)##...........##.#
......####.###....##.#
##.#..####.# #.##.##.####
...#<......# #.......##..
#####.###### ###...####.#
##.###### #...# #.#
#.......# #...####.####
#..####.# #...#.......#
#.......#####@..#.##.##.#
###....#.......D........#<#
.....##.#................#.#
.###.##.##...............#.#
#.......####....#.......#
###...### #....#.###.###
#..#.# #....#.# .# #....#
#....#.# . #####.####
#......#


You could see a six-headed hydra.

Vanquished Creatures
  Grinder (D:3)
  A phantom (D:5)
  2 ogres
  5 big kobolds (Sewer)
  A bullfrog (D:5)
  A water moccasin skeleton (D:4)
  3 scorpions (D:4)
  A howler monkey (D:4)
  A hound (D:5)
  2 jellies
  2 orc priests (D:3)
  3 orc wizards
  An iguana (D:4)
  2 worker ants (D:4)
  A hound skeleton (D:4)
  4 gnolls (D:4)
  10 adders
  A howler monkey skeleton (D:5)
  4 river rats
  A shadow imp (D:5)
  7 oozes
  5 worms
  4 dart slugs
  4 leopard geckos
  9 orcs
  3 ball pythons
  3 giant cockroaches
  6 goblins
  3 hobgoblins (D:1)
  9 kobolds
  3 quokkas
  6 bats
  8 frilled lizards
  A jackal zombie (D:6)
  A leopard gecko skeleton (D:3)
  A quokka zombie (D:5)
  12 rats
132 creatures vanquished.

Notes
Turn   | Place    | Note
-------+----------+-------------------------------------------
     0 | D:1      | Peloso the Minotaur Fighter began the quest for the Orb.
     0 | D:1      | Reached XP level 1. HP: 19/19 MP: 0/0
    52 | D:1      | Reached XP level 2. HP: 24/27 MP: 1/1
   764 | D:2      | Reached skill level 3 in Long Blades
   764 | D:2      | Reached XP level 3. HP: 33/33 MP: 2/2
  1550 | D:3      | Found a glowing drain.
  1570 | D:3      | Reached XP level 4. HP: 11/40 MP: 3/3
  1704 | Sewer    | Entered a sewer
  1742 | Sewer    | Noticed a big kobold
  1773 | Sewer    | Killed a big kobold
  1773 | Sewer    | Reached skill level 4 in Long Blades
  1773 | Sewer    | Reached skill level 5 in Shields
  1773 | Sewer    | Reached XP level 5. HP: 36/47 MP: 4/4
  1985 | Sewer    | Reached XP level 6. HP: 53/53 MP: 5/5
  2078 | Sewer    | Reached skill level 5 in Long Blades
  2078 | Sewer    | Reached skill level 5 in Armour
  2151 | Sewer    | Reached skill level 1 in Dodging
  2505 | D:3      | Reached XP level 7. HP: 59/60 MP: 6/6
  2558 | D:3      | Noticed Grinder
  2569 | D:3      | Paralysed by Grinder for 2 turns
  2575 | D:3      | Paralysed by Grinder for 7 turns
  2585 | D:3      | Killed Grinder
  2585 | D:3      | Reached skill level 6 in Long Blades
  3252 | D:4      | Reached skill level 5 in Fighting
  3285 | D:4      | Reached XP level 8. HP: 66/68 MP: 7/7
  3328 | D:4      | Found a shimmering altar of Xom.
  3364 | D:4      | Reached skill level 7 in Long Blades
  3434 | D:4      | Noticed a moth of wrath
  3436 | D:4      | Found a bloodstained altar of Trog.
  3975 | D:5      | Entered Level 5 of the Dungeon
  4456 | D:5      | Reached skill level 8 in Long Blades
  4879 | D:6      | Noticed a seven-headed hydra
  4884 | D:6      | HP: 3/70 [six-headed hydra (11)]
  4946 | D:6      | HP: 2/70 [six-headed hydra (7)]
  4947 | D:6      | Slain by a six-headed hydra

Levels and vault maps discovered:
D:1:      dpeg_arrival_rooms_c, layout_basic, chequers_serial_rivers_micro_a
D:2:      layout_basic
D:3:      layout_basic, portal_sewer_entry_b, uniq_grinder
D:4:      layout_loops_ring, tgw_trog, lemuel_crystal_altar,
          minmay_misc_feat_diagonals
D:5:      layout_basic, first_ration
D:6:      layout_loops_cross, temple_green, minmay_three_doors

Skill      XL: |  1  2  3  4  5  6  7  8 |
---------------+-------------------------+-----
Armour         | 4 5 6 |  6.7
Shields        | 4 5 6 7 |  7.9
Fighting       | 4 5 |  5.9
Long Blades    | 3 4 5 6 8 |  8.7
Dodging        | 1 2 |  2.1
Stealth        | |  0.1

Action                   |  1- 3 |  4- 6 |  7- 9 || total
-------------------------+-------+-------+-------++-------
Melee: Long sword        |   104 |   164 |    91 ||   359
       Headbutt          |    14 |    21 |    42 ||    77
       Falchion          |       |       |    81 ||    81
       Hand axe          |       |       |     2 ||     2
  Use: Potion            |       |       |     2 ||     2
  Eat: Ration            |     1 |       |       ||     1
       Chunk             |       |     2 |     8 ||    10
Armor: Scale mail        |    46 |       |       ||    46
       Chain mail        |    26 |    66 |    64 ||   156
Dodge: Dodged            |    30 |    31 |    35 ||    96
Block: Shield            |    74 |    87 |    90 ||   251
       Rpst.: Long sword |     7 |     4 |     8 ||    19
       Falchion          |       |       |     4 ||     4

Table legend:
 A = Non-vault XP
 B = Vault XP
 C = Vault XP percentage of total XP
 D = Non-vault monster count
 E = Vault monster count
 F = Vault count percentage of total count
                 A         B        C        D         E       F
            +---------+---------+-------+---------+---------+-------
      Total |    1567 |     900 |  36.5 |      95 |      37 |  28.0
            +---------+---------+-------+---------+---------+-------
        D:1 |      38 |       0 |   0.0 |      22 |       0 |   0.0
        D:2 |      51 |       0 |   0.0 |       7 |       0 |   0.0
        D:3 |     177 |     289 |  62.0 |      24 |       4 |  14.3
        D:4 |     693 |      13 |   1.8 |      23 |       5 |  17.9
        D:5 |     473 |       0 |   0.0 |      12 |       0 |   0.0
        D:6 |     135 |       0 |   0.0 |       7 |       0 |   0.0
      Sewer |       0 |     598 | 100.0 |       0 |      28 | 100.0
            +---------+---------+-------+---------+---------+-------
